 Dungeon Crawl Stone Soup version 0.20.1-1-g8b1a95d (webtiles) character file.

939 equalderp2856 the Chopper (level 7, -3/61 HPs)
             Began as a Minotaur Fighter on July 26, 2017.
             Slain by an ogre
             ... wielding a +0 giant club
              (8 damage)
             ... on level 6 of the Dungeon.
             The game lasted 00:12:19 (5295 turns).

equalderp2856 the Chopper (Minotaur Fighter)        Turns: 5295, Time: 00:12:20

Health: -3/61      AC: 12    Str: 20    XL:     7   Next: 87%
Magic:  6/6        EV:  5    Int:  5    God:
Gold:   276        SH: 10    Dex: 12    Spells: 4/6 levels left

rFire    . . .     SeeInvis .   a - +0 war axe
rCold    . . .     Gourm    .   c - +0 shield
rNeg     . . .     Faith    .   I - +0 plate armour
rPois    .         Spirit   .   (helmet restricted)
rElec    .         Reflect  .   (no cloak)
rCorr    .         Harm     .   (no gloves)
MR       .....                  (no boots)
Stlth    ..........             (no amulet)
Regen    0.2/turn               (no ring)
MPRegen  0.1/turn               (no ring)

@: very slow
A: retaliatory headbutt, horns 2
a: no special abilities


You were on level 6 of the Dungeon.
You were not hungry.

You visited 1 branch of the dungeon, and saw 6 of its levels.

You collected 276 gold pieces.

Inventory:

Hand Weapons
 a - a +0 war axe (weapon)
 m - a +0 hand axe
 t - a +0 hunting sling
 G - a +3 hand axe
 P - a +1 dagger of speed
Missiles
 g - 35 arrows
 i - 15 poisoned needles
 n - 141 stones (quivered)
 L - 13 sling bullets
Armour
 b - a +0 scale mail
 c - a +0 shield (worn)
 E - a scarf of repulsion
 F - a +0 chain mail
 I - a +0 plate armour (worn)
Jewellery
 u - an uncursed amulet of the gourmand {unknown}
 x - an uncursed ring of ice {unknown}
 O - an uncursed ring of protection from cold {unknown}
 Q - an uncursed amulet of regeneration {unknown}
Wands
 q - a wand of paralysis (14/24)
 s - a wand of random effects (19/48)
 B - a wand of disintegration (16/24)
Scrolls
 e - a scroll of recharging {unknown}
 l - a scroll of identify {unknown}
 o - 4 scrolls of remove curse {unknown}
 y - 2 scrolls of fog {unknown}
 D - 2 scrolls of teleportation {unknown}
 J - a scroll of noise {unknown}
 K - a scroll of random uselessness {unknown}
 N - a scroll of enchant armour {unknown}
 S - a scroll of enchant weapon {unknown}
Potions
 d - 2 potions of might
 j - a potion of degeneration {unknown}
 k - a potion of lignification {unknown}
 v - 2 potions of haste {unknown}
 w - 5 potions of curing {unknown}
 z - a potion of experience {unknown}
 A - a potion of ambrosia {unknown}
 C - a potion of flight {unknown}
 M - a potion of magic {unknown}
Books
 H - a book of Air

   Spells                             Type                      Level
   a - Shock                          Conjuration/Air              1
   b - Swiftness                      Charms/Air                   2
   c - Static Discharge               Conjuration/Air              3
   d - Airstrike                      Air                          4
   e - Lightning Bolt                 Conjuration/Air              5
Comestibles
 f - 9 bread rations
 h - 5 meat rations
 p - 3 royal jellies
 r - 6 fruits


   Skills:
 + Level 5.2 Fighting
 + Level 7.3 Axes
 + Level 6.1 Armour
 + Level 1.5 Dodging
 + Level 0.8 Stealth
 + Level 5.9 Shields


You had 4 spell levels left.
You knew the following spells:

 Your Spells              Type           Power        Failure   Level  Hunger
a - Swiftness             Chrm/Air       #.......     100%        2    ###....


Dungeon Overview and Level Annotations

Branches:
Dungeon (6/15)
 Temple: D:4-7

Altars:
Ashenzari
Gozag
Xom
The Shining One


Innate Abilities, Weirdness & Mutations

You reflexively headbutt those who attack you in melee.
You have a pair of horns on your head.


Message History

Your shield and plate armour prevent you from hitting the leopard gecko.
Your headbutt misses the leopard gecko. You slash the ogre!
You block the leopard gecko's attack.
The leopard gecko bites you but does no damage.
Your unstable footing causes you to fumble your attack.
The ogre hits you with a giant club!
* * * LOW HITPOINT WARNING * * *
The leopard gecko bites you.
* * * LOW HITPOINT WARNING * * *
The leopard gecko barely misses you.
You hit the leopard gecko.
You kill the leopard gecko!
Your shield and plate armour prevent you from hitting the ogre.
You block the ogre's attack.
Things that are here:
a leopard gecko corpse; a giant cockroach corpse You enter the shallow water.
Moving in this stuff is going to be slow.
The ogre hits you with a giant club!
You die...

####...####
#...# #...#
#..## #.##
#.## ##..# .
########≈≈.#
#
#≈≈@O†≈≈≈≈≈#
#
#≈.≈≈≈≈≈≈≈≈##
.
#..#########
. #.. . ## #
. #


You could see an ogre.

Vanquished Creatures
  An orc warrior (D:4)
  A sky beast (D:4)
  A phantom (D:5)
  An ogre (D:4)
  A hound (D:4)
  4 bullfrog skeletons
  2 orc priests
  An iguana (D:5)
  A worker ant (D:4)
  Robin (D:2)
  13 gnolls
  A howler monkey skeleton (D:5)
  7 adders
  3 worms
  2 dart slugs (D:1)
  5 leopard geckos
  4 orcs
  2 ball pythons
  9 bats
  7 giant cockroaches
  14 goblins
  18 hobgoblins
  9 jackals
  A quokka (D:4)
  A frilled lizard (D:1)
  6 kobolds
  7 rats
123 creatures vanquished.

Notes
Turn   | Place    | Note
-------+----------+-------------------------------------------
     0 | D:1      | equalderp2856 the Minotaur Fighter began the quest for the Orb.
     0 | D:1      | Reached XP level 1. HP: 19/19 MP: 0/0
   185 | D:1      | Reached XP level 2. HP: 22/27 MP: 1/1
  1233 | D:1      | Reached skill level 3 in Axes
  1242 | D:1      | Reached XP level 3. HP: 33/33 MP: 2/2
  1777 | D:2      | Reached XP level 4. HP: 38/40 MP: 3/3
  1915 | D:2      | Noticed Robin
  1927 | D:2      | Reached skill level 1 in Dodging
  1941 | D:2      | Killed Robin
  2251 | D:2      | Reached skill level 4 in Axes
  2622 | D:2      | Reached XP level 5. HP: 46/46 MP: 4/4
  2812 | D:3      | Found a shimmering altar of Xom.
  3514 | D:4      | Noticed an ogre
  3517 | D:4      | Killed an ogre
  3517 | D:4      | Reached skill level 5 in Axes
  3517 | D:4      | Reached skill level 5 in Armour
  3517 | D:4      | Reached XP level 6. HP: 28/53 MP: 5/5
  3661 | D:4      | Learned a level 2 spell: Swiftness
  3723 | D:4      | Found a glowing golden altar of the Shining One.
  3728 | D:4      | Noticed an orc warrior
  3752 | D:4      | Killed an orc warrior
  3752 | D:4      | Reached skill level 5 in Shields
  4150 | D:4      | Reached XP level 7. HP: 41/60 MP: 6/6
  4285 | D:4      | Reached skill level 6 in Axes
  4520 | D:4      | Found an opulent altar of Gozag.
  4694 | D:5      | Entered Level 5 of the Dungeon
  4787 | D:5      | Reached skill level 5 in Fighting
  4880 | D:5      | Reached skill level 7 in Axes
  4979 | D:6      | Found a shattered altar of Ashenzari.
  5295 | D:6      | Slain by an ogre

Skill      XL: |  1  2  3  4  5  6  7 |
---------------+----------------------+-----
Armour         | 4 5 6 |  6.1
Fighting       | 4 5 |  5.2
Axes           | 3 4 5 7 |  7.3
Shields        | 4 5 |  5.9
Dodging        | 1 |  1.5
Stealth        | |  0.8

Action                   |  1- 3 |  4- 6 |  7- 9 || total
-------------------------+-------+-------+-------++-------
Melee: War axe           |    64 |   149 |   118 ||   331
       Headbutt          |    12 |    31 |    24 ||    67
  Use: Potion            |     1 |     1 |       ||     2
  Eat: Chunk             |     2 |     7 |     5 ||    14
Armor: Scale mail        |    47 |    53 |       ||   100
       Chain mail        |       |    13 |       ||    13
       Plate armour      |       |     6 |    51 ||    57
Dodge: Dodged            |    26 |    45 |    30 ||   101
Block: Shield            |    44 |    77 |    69 ||   190
